 Dungeon Crawl Stone Soup version 0.30-a0-341-g682706514a (webtiles) character file.

Game seed: 3685370843499146106

2 JOEMAMA2 the Grave Robber (level 1, 0/13 HPs)
             Began as a Demonspawn Necromancer on Nov 2, 2022.
             Slain by a rat (2 damage)
             ... on level 1 of the Dungeon.
             The game lasted 00:00:29 (142 turns).

JOEMAMA2 the Grave Robber (Demonspawn Necromancer)   Turns: 142, Time: 00:00:29

Health: 0/13       AC:  2    Str:  8    XL:     1   Next: 25%
Magic:  3/3        EV: 12    Int: 16    God:
Gold:   5          SH:  0    Dex: 13    Spells: 3/4 levels left

rFire   . . .      SeeInvis .    (no weapon)
rCold   . . .      Faith    .    (no shield)
rNeg    . . .      Spirit   .    a - +0 robe
rPois   .          Reflect  .    (no helmet)
rElec   .          Harm     .    (no cloak)
rCorr   .          Rampage  .    (no gloves)
Will    .....                    (no boots)
Stlth   ++........               (no amulet)
HPRegen 0.22/turn                (no ring)
MPRegen 0.08/turn                (no ring)

@: no status effects
A: no striking features
a: no special abilities


You were on level 1 of the Dungeon.
You visited 1 branch of the dungeon, and saw 1 of its levels.

You collected 5 gold pieces.

Inventory:

Armour
 a - a +0 robe (worn)
Scrolls
 e - a scroll of identify {unknown}
Potions
 b - a potion of magic
 c - a potion of brilliance {unknown}
 d - 2 potions of might {unknown}


   Skills:
 + Level 1.7 Dodging
 + Level 1.7 Stealth
 + Level 2.0 Spellcasting
 + Level 4.4 Necromancy


You had 3 spell levels left.
You knew the following spells:

 Your Spells              Type           Power      Damage    Failure   Level
a - Necrotise             Necr           60%        1d7       3%          1

Your spell library contained the following spells:

 Spells                   Type           Power      Damage    Failure   Level
 Vampiric Draining        Necr           15%        2d7       10%         3
 Animate Dead             Necr           15%        N/A       32%         4
 Agony                    Necr           15%        N/A       67%         5


Dungeon Overview and Level Annotations

Branches:
Dungeon (1/15)

Altars:


Message History

You hit the rat but do no damage.
The frilled lizard hisses angrily.
The rat bites you.
You closely miss the rat. The rat completely misses you.
You hit the rat but do no damage. The rat misses you.
You hit the rat but do no damage. The rat bites you but does no damage.
You hit the rat.
The rat is moderately wounded.
The rat closely misses you.
You barely miss the rat.
The rat is moderately wounded.
The frilled lizard bites you. The rat bites you but does no damage.
You hit the rat but do no damage.
The rat is moderately wounded.
The frilled lizard barely misses you. The rat barely misses you.
You closely miss the rat.
The rat is moderately wounded.
The frilled lizard bites you. The rat bites you.
You hit the rat but do no damage.
The rat is moderately wounded.
The frilled lizard closely misses you. The rat bites you but does no damage.
You closely miss the rat.
The rat is moderately wounded.
The frilled lizard bites you. The rat bites you but does no damage.
You barely miss the rat.
The frilled lizard bites you but does no damage.
The rat bites you.
You closely miss the rat. The frilled lizard misses you. The rat misses you.
You hit the rat but do no damage. The frilled lizard closely misses you.
The rat barely misses you.
You hit the rat but do no damage. The frilled lizard closely misses you.
The rat barely misses you.
You hit the rat but do no damage. The frilled lizard bites you.
* * * LOW HITPOINT WARNING * * *
The rat bites you.
* * * LOW HITPOINT WARNING * * *
You hit the rat.
The rat is moderately wounded.
The frilled lizard barely misses you. The rat bites you.
You die...

### #.. #.# # #.# #
#.# # # #.#
#.#####.# .# # #.#
#......r########..#
...
###l@..........#
#.# #.............#
### #.#
#.#.####..##### ..#
#.# ...........#
#.# #.#
###########.#
#.####.# #.#
#......#### #.#
#.........# #.#
#..######.# #.#


You could see a frilled lizard and a rat.

Vanquished Creatures
  A bat (D:1)
  A rat (D:1)
2 creatures vanquished.

Notes
Turn   | Place    | Note
-------+----------+-------------------------------------------
     0 | D:1      | JOEMAMA2 the Demonspawn Necromancer began the quest for the
                  | Orb.
     0 | D:1      | Reached XP level 1. HP: 13/13 MP: 3/3
   142 | D:1      | Slain by a rat

Illustrated notes

Levels and vault maps discovered:
D:1:      dpeg_arrival_lava_temple_mockup, layout_loops_ring,
          hellmonk_ecumenical_altar_blasted, due_unseen_surprise

Action                   || total
-------------------------++-------
Melee: Unarmed           ||    23
 Cast: Necrotise         ||     1
 Stab: Sleeping          ||     1
Armor: Robe              ||    12
Dodge: Dodged            ||    26

Table legend: (Time is in decaauts)
 A = Elapsed time spent in this place.
 B = Non-inter-level travel time spent in this place.
 C = Inter-level travel time spent in this place.
 D = Time resting spent in this place.
 E = Time spent auto-exploring this place.
 F = Levels seen in this place.
 G = Mean time per level.
                   A        B        C        D        E       F      G
               +--------+--------+--------+--------+--------+-----+--------+
         Total |    142 |    142 |      0 |      0 |     83 |   1 |  142.0 |
       Dungeon |    142 |    142 |      0 |      0 |     83 |   1 |  142.0 |
               +--------+--------+--------+--------+--------+-----+--------+

Top non-repeatable levels by time:
     D:1: 142 daAuts
